AoeStats
← Bandit

Black Forest

510452804Analyzed
4v4 RM · 1d ago on Oct 1, 2026· 25m 57s· 8 players
Game mode
Random Map
Map size
Large (8 player)
Population
200
Speed
Normal
Resources
Standard
Victory
Conquest
Starting age
Dark Age
Ending age
Imperial Age
RankedLock teamsTeams togetherTeam positionsShared explorationLock speedFull tech treeHidden civsTurbo modeCheats
Victory
Defeat
🇺🇸 Tupi · United States
1483
+11
🇺🇸 Bohemians · United States
1388
+15
🇺🇸 Maya · United States
1357
+16
🇺🇸 Magyars · United States
1304
+18
🇨🇳 Romans · China
1377
-16
🇨🇴 Malians · Colombia
1371
-15
🇨🇳 Poles · China
1359
-15
🇳🇿 Saracens · New Zealand
1341
-14
73624617386501790
9:57 Feudal Age
11:00 Loom
11:23 Double-Bit Axe
maxwell54
1:06 Loom
11:20 Feudal Age
16:00 Castle Age
14:31 Town Watch
15:43 Double-Bit Axe
15:45 Fishing Lines
19:27 Bow Saw
20:42 Fletching
uu
5:19 Loom
11:48 Feudal Age
16:06 Castle Age
15:56 Double-Bit Axe
15:53 Horse Collar
17:05 Heavy Plow
17:16 Bow Saw
mustangant667
12:19 Feudal Age
16:34 Castle Age
14:36 Double-Bit Axe
17:32 Bow Saw
17:24 Fishing Lines
18:38 Wheelbarrow
18:14 Gillnets
22:14 Hand Cart
25:22 Fortified Wall
25:14 Gold Mining
25:15 Stone Mining
25:59 Fletching
The_Wanker
11:50 Feudal Age
12:18 Loom
15:53 Castle Age
16:36 Double-Bit Axe
24:34 Bow Saw
Bandit
6:50 Loom
9:13 Feudal Age
9:33 Champi Runner
11:26 Double-Bit Axe
11:22 Horse Collar
11:36 Arson
21:55 Castle Age
23:28 Bow Saw
izohc8ik
11:45 Feudal Age
16:04 Castle Age
19:22 Double-Bit Axe
JROCK
10:53 Feudal Age
13:15 Double-Bit Axe
15:38 Castle Age
14:28 Horse Collar
16:57 Bow Saw
16:12 Eagle Warrior
17:44 Scale Mail Armor
17:58 Forging
18:35 Squires
19:59 Chain Mail Armor
23:31 Wheelbarrow
25:34 Heavy Plow
Connection lost

Rejoining the realm…

Still unreachable

The connection could not be restored.

Session expired

The server has moved on; the page needs a fresh start.